 Dungeon Crawl Stone Soup version 0.31-a0-986-g5e6e4ef867 (webtiles) character file.

Game seed: 4416641223955445091

5782 2FriedEggs the Ducker (level 10, 77/77 HPs)
             Began as a Gnoll Hexslinger on Sept 23, 2023.
             Quit the game on level 9 of the Dungeon on Nov 6, 2023.
             The game lasted 00:21:05 (6893 turns).

2FriedEggs the Ducker (Gnoll Hexslinger)            Turns: 6893, Time: 00:21:06

Health: 77/77      AC:  9    Str:  7    XL:     10   Next: 78%
Magic:  19/19      EV: 16    Int: 14    God:
Gold:   528        SH:  0    Dex: 18    Spells: 14/21 levels left

rFire   . . .        g - +11 spear "Vaacwot" {flame, rElec rPois Will+}
rCold   + . .        h - orb {guile}
rNeg    . . .        x - +2 robe {rC+}
rPois   +            m - +1 helmet
rElec   +            w - +0 cloak
rCorr   .            (no gloves)
SInv    .            j - +0 pair of boots
Will    .....        t - amulet of regeneration
Stlth   +++          l - ring of flight
HPRegen 1.12/turn    B - ring of poison resistance
MPRegen 0.16/turn

%: no passive effects
@: weak-willed, flying
A: fangs 1, strong nose, distributed training
a: no special abilities


You were on level 9 of the Dungeon.
You visited 1 branch of the dungeon, and saw 9 of its levels.

You collected 528 gold pieces.

Inventory:

Hand Weapons
 a - a +1 sling
 g - the +11 spear "Vaacwot" (weapon) {flame, rElec rPois Will+}
   (You found it on level 4 of the Dungeon)

   rElec:     It insulates you from electricity.
   rPois:     It protects you from poison Will+: It increases your willpower.
Armour
 h - an orb of guile (worn)
 j - a +0 pair of boots (worn)
 m - a +1 helmet (worn)
 w - a +0 cloak (worn)
 x - a +2 robe of cold resistance (worn)
 z - the +0 ring mail of Cilaan {rElec rF+++ Will- Int-4}
   (You found it on level 4 of the Dungeon)

   Int-4:     It affects your intelligence (-4).
   rF+++:     It renders you almost immune to fire.
   rElec:     It insulates you from electricity.
   Will-:     It decreases your willpower.
Jewellery
 c - a ring of protection from cold
 l - a ring of flight (left hand)
 t - an amulet of regeneration (around neck)
 B - a ring of poison resistance (right hand)
 E - a ring of positive energy
 F - an amulet of faith
 I - a ring of see invisible
 L - a ring of protection from fire
Wands
 e - a wand of polymorph (6)
 q - a wand of mindburst (7)
 y - a wand of paralysis (8)
 C - a wand of quicksilver (6)
Scrolls
 b - 2 scrolls of poison
 d - 5 scrolls of enchant armour
 f - a scroll of fear
 n - 2 scrolls of immolation
 u - a scroll of brand weapon
 A - a scroll of teleportation
 D - a scroll of vulnerability
 G - 2 scrolls of enchant weapon
 J - a scroll of torment
Potions
 i - a potion of attraction {unknown}
 k - 5 potions of curing {unknown}
 o - 2 potions of heal wounds {unknown}
 p - 2 potions of might {unknown}
 r - 3 potions of haste {unknown}
 s - 5 potions of brilliance {unknown}
 v - a potion of mutation {unknown}
 H - a potion of enlightenment {unknown}
 K - a potion of degeneration {unknown}


   Skills:
 + Level 6.3 Fighting
 + Level 5.7 Short Blades
 + Level 5.7 Long Blades
 + Level 5.7 Axes
 + Level 5.7 Maces & Flails
 + Level 5.7 Polearms
 + Level 5.7 Staves
 + Level 7.4 Ranged Weapons
 + Level 5.7 Throwing
 + Level 5.7 Armour
 + Level 7.4 Dodging
 + Level 5.7 Stealth
 + Level 5.7 Shields
 + Level 5.7 Unarmed Combat
 + Level 6.4 Spellcasting
 + Level 4.7 Conjurations
 + Level 7.3 Hexes
 + Level 4.7 Summonings
 + Level 4.7 Necromancy
 + Level 4.7 Translocations
 + Level 4.7 Transmutations
 + Level 5.2 Fire Magic
 + Level 4.7 Ice Magic
 + Level 4.7 Air Magic
 + Level 4.7 Earth Magic
 + Level 4.7 Poison Magic
 + Level 6.2 Invocations
 + Level 5.7 Evocations
 + Level 5.2 Shapeshifting


You had 14 spell levels left.
You knew the following spells:

 Your Spells              Type           Power      Damage    Failure   Level
a - Jinxbite              Hex            50%        N/A       1%          2
b - Sigil of Binding      Hex            25%        N/A       2%          3
c - Blink                 Tloc           34%        N/A       3%          2

Your spell library contained the following spells:

 Spells                   Type           Power      Damage    Failure   Level
 Magic Dart               Conj           68%        1d6       2%          1
 Poisonous Vapours        Pois/Air       34%        N/A       3%          2
 Searing Ray              Conj           34%        2d5       3%          2
 Inner Flame              Hex/Fire       22%        N/A       3%          3
 Mephitic Cloud           Conj/Pois/Air  17%        N/A       6%          3
 Cause Fear               Hex            12%        N/A       8%          4
 Dimensional Bullseye     Hex/Tloc       10%        N/A       13%         4
 Fulminant Prism          Conj/Hex       10%        3d9       13%         4
 Manifold Assault         Tloc           17%        N/A       22%         4
 Freezing Cloud           Conj/Ice/Air   8%         6-21      52%         5


Dungeon Overview and Level Annotations

Branches:
Dungeon (9/15)             Temple (0/1) D:5            Lair (0/5) D:9
    Orc: D:9-12

Altars:
Makhleb
Yredelemnul
Zin

Shops:
D:3 :   D:9 :

Annotations:
D:6 2 transporters


Innate Abilities, Weirdness & Mutations

You have very sharp teeth.
Your uncanny sense of smell can sniff out nearby items.
Your experience applies equally to all skills.


Message History

The wolf is severely wounded.
The wolf misses you.
You hit the wolf. You burn the wolf.
You kill the wolf!
No target in view!
Things that are here:
a wolf corpse; a wolf corpse No target in view!
Magic restored.
HP restored.
Things that are here:
a +0 dagger; a +0 robe A hornet is nearby!
A hornet is nearby!
A hornet is nearby!
A hornet is nearby!
Casting: Jinxbite (safe; 1% risk of failure)
Confirm with . or Enter, or press ? or * to list all spells.
You beckon some vexing sprites to accompany your attacks.
You feel your willpower being sapped.
The hornet buzzes angrily.
You puncture the hornet! You burn the hornet.
The hornet is severely wounded.
A giggling sprite leaps out and makes the hornet trip over its own legs.
The hornet is severely wounded.
The hornet stings you but does no damage.
You puncture the hornet! You burn the hornet.
You kill the hornet!
No target in view!
No target in view!
The sprites lose interest in your situation.
Done exploring.
Done exploring.
Done exploring.
Done exploring.
Welcome back, 2FriedEggs the Gnoll Hexslinger.
Press ? for a list of commands and other information.
Welcome back, 2FriedEggs the Gnoll Hexslinger.
Press ? for a list of commands and other information.
Are you sure you want to abandon this character and quit the game? (Confirm with "yes".)

##################
...[..))........>#
########.##.####.#
#....#.####.#
###.#....#....#
###.(....#.#.##.#
#..........#.##.##
#.....<........@.#
#................#
#...........(##..#
#......###.####..#
#......# #.# ##.##
#......# #####..#
######### #..##
#......# ###.##
#......#####...#


There were no monsters in sight!

Vanquished Creatures
  2 two-headed ogres (D:9)
  Maurice (D:9)
  Joseph (D:7)
  Maggie (D:9)
  A hornet (D:9)
  Sigmund (D:4)
  3 yaks (D:9)
  A wyvern (D:9)
  Grum (D:9)
  Duvessa (D:4)
  2 orc warriors (D:9)
  3 sky beasts
  A black bear (D:5)
  2 ice beasts
  2 ogres (D:6)
  2 wolves (D:9)
  2 centaurs
  A phantom (D:6)
  4 bullfrogs
  A kobold brigand (D:8)
  2 scorpions
  Dowan (D:4)
  4 killer bees (D:9)
  A howler monkey (D:6)
  3 orc priests
  A gnoll bouda (D:5)
  2 sleepcaps
  Jessica (D:3)
  An iguana (D:5)
  5 orc wizards
  Robin (D:2)
  8 gnolls
  4 adders
  2 white imps
  An ufetubus (D:5)
  4 worms
  A dart slug (D:3)
  21 orcs
  8 ball pythons
  4 endoplasms
  2 giant cockroaches (D:3)
  11 goblins
  9 hobgoblins
  2 jackals (D:2)
  4 quokkas
  4 bats
  10 kobolds
  3 rats
153 creatures vanquished.

Notes
Turn   | Place    | Note
-------+----------+-------------------------------------------
     0 | D:1      | 2FriedEggs the Gnoll Hexslinger began the quest for the
                  | Orb.
     0 | D:1      | Reached XP level 1. HP: 17/17 MP: 4/4
    40 | D:1      | Reached XP level 2. HP: 10/23 MP: 5/5
   792 | D:2      | Reached XP level 3. HP: 28/28 MP: 7/7
   802 | D:2      | Learned a level 2 spell: Jinxbite
   806 | D:2      | Learned a level 3 spell: Sigil of Binding
   841 | D:2      | Found a basalt altar of Yredelemnul.
   963 | D:2      | Reached skill level 1 in Invocations
   996 | D:2      | Noticed Robin
  1002 | D:2      | Killed Robin
  1003 | D:2      | Reached skill level 1 in Short Blades
  1003 | D:2      | Reached skill level 1 in Long Blades
  1003 | D:2      | Reached skill level 1 in Axes
  1003 | D:2      | Reached skill level 1 in Maces & Flails
  1003 | D:2      | Reached skill level 1 in Polearms
  1003 | D:2      | Reached skill level 1 in Staves
  1003 | D:2      | Reached skill level 1 in Throwing
  1003 | D:2      | Reached skill level 1 in Armour
  1003 | D:2      | Reached skill level 1 in Stealth
  1003 | D:2      | Reached skill level 1 in Shields
  1003 | D:2      | Reached skill level 1 in Unarmed Combat
  1003 | D:2      | Reached skill level 1 in Evocations
  1011 | D:2      | Reached XP level 4. HP: 32/34 MP: 6/8
  1105 | D:2      | Reached skill level 1 in Shapeshifting
  1349 | D:3      | Found Ympem's Book Emporium.
  1377 | D:3      | Reached skill level 1 in Conjurations
  1377 | D:3      | Reached skill level 1 in Summonings
  1377 | D:3      | Reached skill level 1 in Necromancy
  1377 | D:3      | Reached skill level 1 in Translocations
  1377 | D:3      | Reached skill level 1 in Transmutations
  1377 | D:3      | Reached skill level 1 in Ice Magic
  1377 | D:3      | Reached skill level 1 in Air Magic
  1377 | D:3      | Reached skill level 1 in Earth Magic
  1377 | D:3      | Reached skill level 1 in Poison Magic
  1530 | D:3      | Noticed Jessica
  1541 | D:3      | Killed Jessica
  1542 | D:3      | Reached XP level 5. HP: 40/40 MP: 4/9
  2046 | D:3      | Found a glowing silver altar of Zin.
  2046 | D:3      | Noticed an angel
  2265 | D:4      | Identified the +11 spear "Vaacwot" {flame, rElec rPois
                  | Will+}
  2285 | D:4      | Noticed Duvessa
  2288 | D:4      | Noticed Dowan
  2448 | D:4      | Killed Duvessa
  2449 | D:4      | Reached skill level 5 in Ranged Weapons
  2449 | D:4      | Reached skill level 5 in Dodging
  2449 | D:4      | Reached XP level 6. HP: 44/47 MP: 6/11
  2489 | D:4      | Killed Dowan
  2752 | D:4      | Noticed Sigmund
  2765 | D:4      | Killed Sigmund
  2766 | D:4      | Reached XP level 7. HP: 51/52 MP: 7/12
  2811 | D:4      | Identified the +0 ring mail of Cilaan {rElec rF+++ Will-
                  | Int-4}
  3109 | D:5      | Entered Level 5 of the Dungeon
  3341 | D:5      | Learned a level 2 spell: Blink
  3667 | D:5      | Reached XP level 8. HP: 56/60 MP: 11/14
  3758 | D:5      | Found a staircase to the Ecumenical Temple.
  4120 | D:6      | Found a transporter.
  4122 | D:6      | Noticed a kobold demonologist
  4171 | D:6      | Found a transporter.
  4233 | D:6      | Identified the +1 morningstar of the Philosopher {heavy,
                  | SInv}
  4604 | D:7      | Found a burning altar of Makhleb.
  4609 | D:7      | Reached XP level 9. HP: 66/66 MP: 16/16
  4788 | D:7      | Noticed Joseph
  4801 | D:7      | Killed Joseph
  4802 | D:7      | Reached skill level 5 in Spellcasting
  4949 | D:7      | Reached skill level 5 in Fighting
  5904 | D:8      | Identified the +5 quarterstaff of Nightmares {drain, Will+
                  | Str+4 Int+2}
  6024 | D:9      | Noticed Maurice
  6034 | D:9      | Reached skill level 5 in Invocations
  6038 | D:9      | Killed Maurice
  6093 | D:9      | Noticed a two-headed ogre
  6104 | D:9      | Killed a two-headed ogre
  6105 | D:9      | Reached skill level 5 in Short Blades
  6105 | D:9      | Reached skill level 5 in Long Blades
  6105 | D:9      | Reached skill level 5 in Axes
  6105 | D:9      | Reached skill level 5 in Maces & Flails
  6105 | D:9      | Reached skill level 5 in Polearms
  6105 | D:9      | Reached skill level 5 in Staves
  6105 | D:9      | Reached skill level 5 in Throwing
  6105 | D:9      | Reached skill level 5 in Armour
  6105 | D:9      | Reached skill level 5 in Stealth
  6105 | D:9      | Reached skill level 5 in Shields
  6105 | D:9      | Reached skill level 5 in Unarmed Combat
  6105 | D:9      | Reached skill level 5 in Evocations
  6105 | D:9      | Reached XP level 10. HP: 58/76 MP: 16/18
  6181 | D:9      | Found a staircase to the Lair.
  6189 | D:9      | Noticed Maggie
  6212 | D:9      | Killed Maggie
  6320 | D:9      | Noticed a two-headed ogre
  6423 | D:9      | Killed a two-headed ogre
  6424 | D:9      | Reached skill level 5 in Fire Magic
  6433 | D:9      | Upgraded the game from 0.31-a0-819-gf6de2f5ab6 to
                  | 0.31-a0-844-gdc52ec4e09
  6438 | D:9      | Reached skill level 5 in Shapeshifting
  6497 | D:9      | Noticed Grum
  6625 | D:9      | Found Ereryuz's Self-Published Books.
  6828 | D:9      | Killed Grum
  6893 | D:9      | Upgraded the game from 0.31-a0-844-gdc52ec4e09 to
                  | 0.31-a0-868-g674d60d6f7
  6893 | D:9      | Upgraded the game from 0.31-a0-868-g674d60d6f7 to
                  | 0.31-a0-986-g5e6e4ef867
  6893 | D:9      | Quit the game

Illustrated notes

Levels and vault maps discovered:
D:1:      wander_arrival_chamber, layout_loops_ring,
          chequers_serial_rivers_small_a, kennysheep_pointless_box
D:2:      layout_basic, basic_altar, amcnicky_mini_pool_small, uniq_robin
D:3:      layout_loops_ring, zin_angel, serial_shops, nicolae_shop_behind_doors,
          uniq_jessica
D:4:      layout_loops_ring, uniq_duvessa, uniq_sigmund
D:5:      layout_gridville, minmay_temple_entry_purple_smoke, minmay_hedge_maze,
          minmay_misc_feat_roman
D:6:      gammafunk_wand_slinger, layout_rooms, nicolae_figureground_sparkle
D:7:      layout_loops_corners, lightli_temple_of_fire, uniq_joseph
D:8:      layout_loops_ring
D:9:      layout_basic, dpeg_oklobed_lair, nicolae_custom_books, uniq_grum,
          uniq_maggie, uniq_maurice

Skill      XL: |  1  2  3  4  5  6  7  8  9 10 |
---------------+-------------------------------+-----
Fire Magic     | 2 3 4 5 |  5.2
Invocations    | 1 2 3 4 5 6 |  6.2
Short Blades   | 1 2 3 5 |  5.7
Long Blades    | 1 2 3 5 |  5.7
Axes           | 1 2 3 5 |  5.7
Maces & Flails | 1 2 3 5 |  5.7
Polearms       | 1 2 3 5 |  5.7
Staves         | 1 2 3 5 |  5.7
Throwing       | 1 2 3 5 |  5.7
Armour         | 1 2 3 5 |  5.7
Stealth        | 1 2 3 5 |  5.7
Shields        | 1 2 3 5 |  5.7
Unarmed Combat | 1 2 3 5 |  5.7
Evocations     | 1 2 3 5 |  5.7
Shapeshifting  | 1 2 3 4 5 |  5.2
Spellcasting   | 3 4 5 6 |  6.4
Conjurations   | 1 2 3 4 |  4.7
Summonings     | 1 2 3 4 |  4.7
Necromancy     | 1 2 3 4 |  4.7
Translocations | 1 2 3 4 |  4.7
Transmutations | 1 2 3 4 |  4.7
Ice Magic      | 1 2 3 4 |  4.7
Air Magic      | 1 2 3 4 |  4.7
Earth Magic    | 1 2 3 4 |  4.7
Poison Magic   | 1 2 3 4 |  4.7
Fighting       | 3 4 5 6 |  6.3
Ranged Weapons | 5 6 7 |  7.4
Dodging        | 5 6 7 |  7.4
Hexes          | 6 7 |  7.3

Action                     |  1- 3 |  4- 6 |  7- 9 | 10-12 || total
---------------------------+-------+-------+-------+-------++-------
  Melee: Spear             |       |    16 |   159 |   103 ||   278
         Bite              |       |       |    13 |    13 ||    26
   Fire: Sling             |    78 |   101 |       |       ||   179
   Cast: Jinxbite          |     5 |    21 |    11 |    17 ||    54
         Sigil of Binding  |       |     3 |       |     3 ||     6
  Evoke: Wand              |       |       |     3 |       ||     3
    Use: Scroll            |       |     4 |     4 |     1 ||     9
   Stab: Sleeping          |       |       |     7 |       ||     7
         Paralysed         |       |       |     6 |       ||     6
 Armour: Robe              |     4 |       |    78 |    43 ||   125
         Ring mail         |    18 |    59 |       |       ||    77
  Dodge: Dodged            |    31 |    51 |    76 |    94 ||   252

Table legend: (Time is in decaauts)
 A = Elapsed time spent in this place.
 B = Non-inter-level travel time spent in this place.
 C = Inter-level travel time spent in this place.
 D = Time resting spent in this place.
 E = Time spent auto-exploring this place.
 F = Levels seen in this place.
 G = Mean time per level.
                   A        B        C        D        E       F      G
               +--------+--------+--------+--------+--------+-----+--------+
         Total |   6924 |   6618 |    306 |    303 |   4890 |   9 |  769.3 |
       Dungeon |   6924 |   6618 |    306 |    303 |   4890 |   9 |  769.3 |
               +--------+--------+--------+--------+--------+-----+--------+

Top non-repeatable levels by time:
     D:5: 976 daAuts
     D:7: 907 daAuts
     D:4: 903 daAuts
     D:3: 893 daAuts
     D:9: 780 daAuts
     D:1: 777 daAuts
     D:8: 660 daAuts
     D:2: 593 daAuts
     D:6: 432 daAuts
